 Dungeon Crawl Stone Soup version 0.30-a0-394-g3e4acdb0ae (webtiles) character file.

Game seed: 3599895087892136174

70 diggingrock the Grasshopper (level 4, -1/57 HPs)
             Began as an Armataur Warper on Dec 6, 2022.
             Slain by Crazy Yiuf
             ... wielding a +3 quarterstaff of chaos
              (9 damage)
             ... on level 2 of the Dungeon.
             The game lasted 00:10:10 (1638 turns).

diggingrock the Grasshopper (Armataur Warper)       Turns: 1638, Time: 00:10:10

Health: -1/57      AC: 22    Str: 18    XL:     4   Next: 4%
Magic:  7/7        EV:  1    Int: 14    God:
Gold:   129        SH:  0    Dex:  9    Spells: 5/7 levels left

rFire   . . .      SeeInvis .    a - +0 mace
rCold   . . .      Faith    .    (no shield)
rNeg    . . .      Spirit   .    (body armour currently unavailable)
rPois   +          Reflect  .    (helmet currently unavailable)
rElec   .          Harm     .    (cloak currently unavailable)
rCorr   .          Roll     +    (gloves currently unavailable)
Will    .....      NoTele   +    (no barding)
Stlth   +.........               (no amulet)
HPRegen 0.29/turn                (no ring)
MPRegen 0.10/turn                (no ring)

@: lethally poisoned (-1 -> -2), tree-form
A: stationary, stasis, torment immunity, boosted hp, large, rugged brown scales
3, (deformed body), (armoured tail), roll, long tongue, awkward tongue
a: no special abilities


You were on level 2 of the Dungeon.
You were a tree.
You visited 1 branch of the dungeon, and saw 2 of its levels.

You collected 129 gold pieces.

Inventory:

Hand Weapons
 a - a +0 mace (weapon)
 h - a +0 mace
 i - a +0 mace
 n - a +0 mace
Missiles
 d - 7 boomerangs of dispersal (quivered)
Armour
 b - a +0 leather armour
 f - a +0 leather armour of fire resistance (melded)
 k - a +0 ring mail
Scrolls
 c - a scroll of blinking
 e - a scroll of identify
 j - a scroll of butterflies {unknown}
 p - a scroll of teleportation {unknown}
 s - a scroll of enchant armour {unknown}
Potions
 g - a potion of magic {unknown}
 l - a potion of curing {unknown}
 m - a potion of cancellation {unknown}
 o - a potion of lignification
 q - a potion of heal wounds {unknown}
 r - a potion of brilliance {unknown}


   Skills:
 + Level 2.3 Fighting
 + Level 2.3 Maces & Flails
 - Level 0.8 Throwing
 + Level 2.3 Armour
 + Level 1.7 Dodging
 - Level 2.0 Spellcasting
 + Level 3.4 Translocations


You had 5 spell levels left.
You knew the following spells:

 Your Spells              Type           Power      Damage    Failure   Level
a - Blink                 Tloc           22%        N/A       9%          2

Your spell library contained the following spells:

 Spells                   Type           Power      Damage    Failure   Level
 Lesser Beckoning         Tloc           22%        N/A       17%         3
 Teleport Other           Tloc           11%        N/A       17%         3
 Scorch                   Fire           2%         2d5       34%         2
 Vhi's Electric Charge    Tloc/Air       12%        N/A       34%         3
 Manifold Assault         Tloc           11%        N/A       50%         4
 Flame Wave               Conj/Fire      1%         2d4       93%         4
 Summon Cactus Giant      Summ           0%         N/A       100%        6
 Malign Gateway           Summ/Tloc      3%         N/A       100%        7
 Summon Horrible Things   Summ           0%         N/A       100%        8


Dungeon Overview and Level Annotations

Branches:
Dungeon (2/15)

Altars:
The Shining One

Annotations:
D:2 Crazy Yiuf


Innate Abilities, Weirdness & Mutations

You are a tree.
Your roots penetrate the ground, keeping you stationary.
You cannot be teleported.
You are immune to unholy pain and torment.
Your maximum health is greatly increased.
Your equipment is partially melded.
(You are completely covered in rugged brown scales. (AC +3, +7% HP))
((Armour fits poorly on your strangely shaped body.))
((You have a long armoured tail.))
You roll when moving toward enemies. (Rampage)
Your long tongue fully drains potion bottles. (2x potion effects)
Your tongue gives you trouble enunciating. (1.5x scroll delay)


Message History

You open the door. You hit Crazy Yiuf but do no damage.
Crazy Yiuf sings, "Trees, trees, trees, circus!"
Crazy Yiuf hits you but does no damage.
You are electrocuted!
You barely miss Crazy Yiuf.
Crazy Yiuf laughs, "Cholesterol snail alas!"
Crazy Yiuf hits you but does no damage.
You are poisoned.
Crazy Yiuf hits you but does no damage.
You hit Crazy Yiuf.
Crazy Yiuf is moderately wounded.
You feel very sick.
Crazy Yiuf hits you with a +3 quarterstaff of chaos.
Crazy Yiuf draws strength from your wounds!
You closely miss Crazy Yiuf. Your punch misses Crazy Yiuf.
Crazy Yiuf is moderately wounded.
You feel sick.
Crazy Yiuf hits you with a +3 quarterstaff of chaos!
You resist with some effort.
You hit Crazy Yiuf.
Crazy Yiuf is heavily wounded.
You feel sick.
Crazy Yiuf screams, "Trifle!
Ten eyeball cower."
Crazy Yiuf completely misses you.
Crazy Yiuf flaps his cloak.
Crazy Yiuf hits you with a +3 quarterstaff of chaos.
You barely miss Crazy Yiuf.
Crazy Yiuf is heavily wounded.
You feel sick. Crazy Yiuf barely misses you.
You barely miss Crazy Yiuf.
Crazy Yiuf is heavily wounded.
You feel sick.
Crazy Yiuf hits you with a +3 quarterstaff of chaos.
* * * LOW HITPOINT WARNING * * *
Space warps around you.
* * * LOW HITPOINT WARNING * * *
Okay, then.
You drop a potion of lignification.
You feel sick.
Crazy Yiuf hits you with a +3 quarterstaff of chaos!
You die...

### #.. #.. ####♣♣ ### #..
##..#.♣♣ ♣♣#..)# #..
#......♣♣♣♣♣g...# #..
#.......♣..♣#...# #..
#...#..♣.♣♣♣ ### #..
#..##♣♣♣♣♣ #.. #..#
########.. #..#####
####......### #......##
#.........# # #....#..###
#.........# #
#....##...######..>......#
#


You could see Crazy Yiuf.

Vanquished Creatures
  2 adders (D:2)
  A worm (D:2)
  3 dart slugs
  4 ball pythons
  6 bats
  2 endoplasms (D:1)
  A giant cockroach (D:2)
  A goblin (D:1)
  7 hobgoblins
  2 jackals (D:1)
  2 quokkas (D:1)
  3 frilled lizards
  4 kobolds
  4 rats
42 creatures vanquished.

Notes
Turn   | Place    | Note
-------+----------+-------------------------------------------
     0 | D:1      | diggingrock the Armataur Warper began the quest for the
                  | Orb.
     0 | D:1      | Reached XP level 1. HP: 18/18 MP: 3/3
   435 | D:1      | Reached XP level 2. HP: 21/25 MP: 4/4
   585 | D:1      | Learned a level 2 spell: Blink
   882 | D:1      | Reached XP level 3. HP: 27/31 MP: 6/6
  1136 | D:2      | Found a glowing golden altar of the Shining One.
  1274 | D:2      | Found a runed translucent door.
  1275 | D:2      | Noticed Crazy Yiuf
  1455 | D:2      | Reached XP level 4. HP: 25/38 MP: 7/7
  1638 | D:2      | Slain by Crazy Yiuf

Illustrated notes

Levels and vault maps discovered:
D:1:      lemuel_arrival_broad_hall, layout_basic
D:2:      layout_rooms, basic_altar, uniq_crazy_yiuf_cottage

Skill      XL: |  1  2  3 |
---------------+----------+-----
Maces & Flails | 2 |  2.3
Fighting       | 2 |  2.3
Spellcasting   | 2 |  2.0
Armour         | 2 |  2.3
Throwing       | |  0.8
Dodging        | |  1.7
Translocations | |  3.4

Action                   |  1- 3 |  4- 6 || total
-------------------------+-------+-------++-------
Melee: Mace              |   126 |     9 ||   135
       Tailslap          |    15 |       ||    15
       Punch             |     1 |       ||     1
  Use: Scroll            |       |     1 ||     1
       Potion            |       |     1 ||     1
Armor: Leather armour    |    63 |       ||    63
       Skin              |       |     3 ||     3
Dodge: Dodged            |    68 |     2 ||    70

Table legend: (Time is in decaauts)
 A = Elapsed time spent in this place.
 B = Non-inter-level travel time spent in this place.
 C = Inter-level travel time spent in this place.
 D = Time resting spent in this place.
 E = Time spent auto-exploring this place.
 F = Levels seen in this place.
 G = Mean time per level.
                   A        B        C        D        E       F      G
               +--------+--------+--------+--------+--------+-----+--------+
         Total |   1680 |   1680 |      0 |    107 |    645 |   2 |  840.0 |
       Dungeon |   1680 |   1680 |      0 |    107 |    645 |   2 |  840.0 |
               +--------+--------+--------+--------+--------+-----+--------+

Top non-repeatable levels by time:
     D:1: 1139 daAuts
     D:2: 540 daAuts
